 Dungeon Crawl Stone Soup version 0.29.1-15-g9cfb28693d (webtiles) character file.

Game seed: 11152178172469073706

129 KamiKatze the Trooper (level 5, -1/51 HPs)
             Began as a Gargoyle Berserker on Mar 3, 2023.
             Was a Believer of Trog.
             Killed from afar by Natasha (6 damage)
             ... with a magic dart
             ... on level 2 of the Dungeon.
             The game lasted 00:07:22 (1974 turns).

KamiKatze the Trooper (Gargoyle Berserker)          Turns: 1974, Time: 00:07:23

Health: -1/51      AC:  8    Str: 22    XL:     5   Next: 12%
Magic:  5/5        EV: 11    Int:  8    God:    Trog [**....]
Gold:   105        SH:  3    Dex:  9    Spells: 4/4 levels left

rFire   . . .      SeeInvis .   a - +0 hand axe
rCold   . . .      Faith    .   f - +0 buckler
rNeg    + . .      Spirit   .   h - +1 leather armour {rPois}
rPois   ∞          Reflect  .   (no helmet)
rElec   +          Harm     .   (no cloak)
rCorr   .          Rampage  .   (no gloves)
Will    .....                   (no boots)
Stlth   ..........              (no amulet)
HPRegen 0.17/turn               (no ring)
MPRegen 0.09/turn               (no ring)

@: berserking (expiring), very quick
A: sickness immunity, AC +4, negative energy resistance 1, electricity
resistance, torment resistance 1, petrification resistance
a: Renounce Religion, Berserk, Trog's Hand


You were on level 2 of the Dungeon.
You worshipped Trog.
Trog was pleased with you.
You visited 1 branch of the dungeon, and saw 2 of its levels.

You collected 105 gold pieces.

Inventory:

Hand Weapons
 a - a +0 hand axe (weapon)
 g - a +0 spear
 w - a +0 mace
Missiles
 d - 4 poisoned darts (quivered)
Armour
 f - a +0 buckler (worn)
 h - a +1 leather armour of poison resistance (worn)
Scrolls
 b - a scroll of butterflies {unknown}
 c - a scroll of blinking {unknown}
 e - a scroll of fear {unknown}
 j - a scroll of vulnerability {unknown}
Potions
 i - a potion of lignification {unknown}
 k - a potion of mutation {unknown}


   Skills:
 * Level 4.3 Fighting
 * Level 3.6 Axes
 + Level 2.9 Armour
 - Level 2.0 Dodging
 * Level 1.7 Shields


You had 4 spell levels left.
You didn't know any spells.
Your spell library was empty.

Dungeon Overview and Level Annotations

Branches:
Dungeon (2/15)

Altars:

Annotations:
D:2 Natasha


Innate Abilities, Weirdness & Mutations

You are immune to sickness and miasma.
Your stone body is resilient. (AC +4)
You are immune to poison.
You resist negative energy. (rN+)
You are resistant to electric shocks. (rElec)
You are resistant to unholy torment.
You are immune to petrification.


Message History

You miss something.
You hear some strange, mumbled words.
A magic dart appears from out of thin air!
The magic dart hits you.
* * * LOW HITPOINT WARNING * * *
You barely miss something. Something claws you.
* * * LOW HITPOINT WARNING * * *
You miss something.
You hear some strange, mumbled words.
You hit something. You barely miss the white imp. Something claws you.
* * * LOW HITPOINT WARNING * * *
You miss something. You hit the white imp.
The white imp hits you but does no damage.
You closely miss something. You slash the white imp!
You kill the white imp!
The white imp disappears in a puff of smoke!
Something claws you but does no damage.
You barely miss something.
You hear a zap.
A puff of flame appears from out of thin air!
The puff of flame hits you.
* * * LOW HITPOINT WARNING * * *
You miss something.
You hear some strange, mumbled words.
A magic dart appears from out of thin air!
The magic dart hits you.
* * * LOW HITPOINT WARNING * * *
You miss something. You barely miss something.
You hear some strange, mumbled words.
A magic dart appears from out of thin air!
The magic dart hits you.
* * * LOW HITPOINT WARNING * * *
You barely miss something.
You hear some strange, mumbled words.
You miss something.
You hear some strange, mumbled words.
A magic dart appears from out of thin air!
The magic dart hits you.
You die...

##.############....#............#
##.# #....#....#.####..#
...############....############..
#................................
##.############.............#####
#.#.......###..>...#######.#.###
#...........#......# #.#....
####.......#.#5.{...## #......
...........#.#..@....# #......
#..........#.#.......# #......
#..........#.#.......# #......
........####.........# #......
#.......# #####.##### #..(...
........# #.# #.#....
.....<..########.# #.#####
.................# #......
.###......#######################


You could see a shadow imp (summoned).

Vanquished Creatures
  Natasha (D:2)
  4 adders (D:2)
  6 worms (D:2)
  A dart slug (D:2)
  4 endoplasms
  A giant cockroach (D:2)
  2 goblins
  6 hobgoblins
  3 jackals (D:2)
  2 quokkas (D:1)
  3 ball pythons
  3 bats (D:1)
  4 frilled lizards
  7 kobolds (D:1)
  5 rats
52 creatures vanquished.

Vanquished Creatures (others)
  4 plants (D:2)
4 creatures vanquished.

Grand Total: 56 creatures vanquished

Notes
Turn   | Place    | Note
-------+----------+-------------------------------------------
     0 | D:1      | KamiKatze the Gargoyle Berserker began the quest for the
                  | Orb.
     0 | D:1      | Reached XP level 1. HP: 14/14 MP: 1/1
   191 | D:1      | Reached XP level 2. HP: 18/19 MP: 2/2
   708 | D:1      | Reached XP level 3. HP: 18/24 MP: 3/3
   768 | D:1      | Reached ** piety under Trog
  1195 | D:2      | Reached skill level 4 in Fighting
  1195 | D:2      | Reached skill level 1 in Shields
  1195 | D:2      | Reached XP level 4. HP: 23/29 MP: 4/4
  1642 | D:2      | Found a faded altar of an unknown god.
  1795 | D:2      | Noticed Natasha
  1795 | D:2      | Found the +3 woodcutter's axe {vorpal}
  1804 | D:2      | Killed Natasha
  1805 | D:2      | Reached XP level 5. HP: 33/33 MP: 5/5
  1950 | D:2      | Noticed Natasha
  1974 | D:2      | Killed from afar by Natasha

Illustrated notes

Levels and vault maps discovered:
D:1:      ncdulo_smallfort, layout_basic
D:2:      layout_basic, shapermc_ecumenical_altar_acropolis, uniq_natasha

Skill      XL: |  1  2  3 |
---------------+----------+-----
Axes           | 3 |  3.6
Dodging        | 2 |  2.0
Fighting       | 4 |  4.3
Shields        | 1 |  1.7
Armour         | |  2.9

Action                   |  1- 3 |  4- 6 || total
-------------------------+-------+-------++-------
Melee: Hand axe          |   123 |    97 ||   220
Invok: Berserk           |       |     2 ||     2
Armor: Leather armour    |    43 |    20 ||    63
Dodge: Dodged            |    80 |    31 ||   111
Block: Buckler           |     4 |     6 ||    10
